Map: Orbital Shipyard

Players

LilDicky

  • Race: Terran Terran
  • League: Diamond

Narcotic - Winner!

  • Race: Terran Terran
  • League: Gold

VOD

http://www.twitch.tv/tumescentpie

Description

Time

  • Played on: Dec. 12, 2015, 10:48 a.m.
  • Length: 10:10
Show
View Real Time Build Order
Export as new Build Order

LilDicky Terran 

Build Orders: Command Center First (CC), Mech, Banshee Rush 

Get SALT Encoding   

  12  0:02  SCV  
  13  0:14  SCV  
  13  0:19  Supply Depot  
  14  0:26  SCV  
  15  0:41  SCV  
  16  0:55  SCV  
  17  1:02  Command Center  
  17  1:07  SCV  
  18  1:16  Barracks  
  18  1:20  SCV  
  19  1:28  Refinery  
  19  1:32  Refinery  
  19  1:35  SCV  
  20  1:49  SCV  
  22  2:05  Orbital Command  
  22  2:07  Marine  
  22  2:08  Supply Depot  
  22  2:13  Orbital Command  
  22  2:26  Factory  
  22  2:28  Marine  
  22  2:46  Marine  
  22  2:48  SCV x2  
  25  3:10  SCV  
  25  3:11  Hellion  
  25  3:12  SCV, Starport  
  29  3:22  SCV  
  29  3:26  Supply Depot  
  30  3:33  Factory Tech Lab  
  30  3:36  SCV  
  30  3:37  SCV  
  30  3:41  Marine  
  33  3:54  SCV x2  
  35  3:58  Banshee, Cloaking Field  
  38  4:08  Command Center  
  38  4:09  SCV  
  39  4:10  Widow Mine  
  39  4:11  SCV  
  39  4:13  Marine  
  43  4:21  SCV  
  43  4:22  Engineering Bay  
  43  4:23  SCV  
  45  4:31  Marine  
  45  4:33  SCV  
  45  4:35  SCV  
  48  4:44  Banshee, Factory Tech Lab  
  51  4:46  SCV  
  51  4:48  SCV  
  51  4:49  Refinery  
  51  4:51  Refinery  
  53  4:55  Factory  
  53  4:56  Factory  
  53  4:57  Missile Turret  
  53  4:58  SCV  
  54  5:04  Missile Turret  
  54  5:08  Missile Turret  
  54  5:10  SCV  
  54  5:11  SCV  
  44  5:31  SCV x2  
  44  5:40  Siege Tank  
  44  5:41  Factory Tech Lab  
  47  5:42  Factory Reactor  
  47  5:47  SCV x2  
  47  5:48  Banshee, Missile Turret  
  52  5:50  Missile Turret  
  52  5:54  Missile Turret  
  52  6:03  Missile Turret  
  52  6:12  SCV x2  
  52  6:13  Orbital Command  
  54  6:21  Supply Depot  
  54  6:22  Missile Turret  
  54  6:24  Supply Depot, SCV  
  55  6:26  Supply Depot  
  52  6:43  Banshee  
  52  6:44  Siege Tank x2  
  52  6:45  Widow Mine x2  
  65  6:47  SCV  
  65  6:54  Barracks Tech Lab  
  66  7:08  Bunker  
  63  7:12  Missile Turret  
  63  7:13  Widow Mine  
  63  7:14  SCV  
  63  7:16  Siege Tank  
  63  7:19  Missile Turret  
  66  7:25  Ghost Academy  
  66  7:26  Barracks  
  66  7:27  SCV x2  
  66  7:28  SCV  
  66  7:29  Ghost Academy  
  69  7:31  Refinery  
  69  7:33  Refinery  
  69  7:39  SCV  
  69  7:40  SCV  
  69  7:41  Missile Turret  
  71  7:50  Missile Turret  
  71  7:52  Viking  
  73  8:10  Missile Turret  
  73  8:37  SCV x2  
  73  8:39  Missile Turret  
  75  8:43  Command Center  
  75  8:44  Hellion x2, Siege Tank x2  
  75  8:47  Command Center  
  85  8:50  Ghost  
  85  8:54  Starport Reactor  
  87  8:59  Bunker  
  87  9:03  Ghost  
  87  9:06  Hellion  
  91  9:13  SCV x2, Sensor Tower  
  91  9:16  Supply Depot  
  93  9:18  Supply Depot  
  93  9:20  Supply Depot  
  93  9:38  SCV x2, Siege Tank x2, Supply Depot  
  101  9:40  SCV, Hellion  
  101  9:43  Supply Depot, Missile Turret  
Show
View Real Time Build Order
Export as new Build Order

Narcotic Terran - Winner!

Build Orders: Reaper Expand, MMM Bio 

Get SALT Encoding   

  12  0:01  SCV  
  13  0:13  SCV  
  14  0:18  Supply Depot  
  14  0:25  SCV  
  15  0:40  SCV  
  15  0:41  Barracks  
  16  0:46  Refinery  
  16  0:52  SCV  
  17  1:04  SCV  
  18  1:16  SCV  
  19  1:30  Reaper  
  19  1:32  Orbital Command  
  20  1:41  Command Center  
  20  1:54  Supply Depot  
  20  1:59  SCV  
  21  2:03  Barracks Reactor  
  21  2:11  SCV  
  22  2:25  Factory  
  22  2:33  SCV  
  23  2:45  SCV, Marine x2  
  26  2:57  SCV  
  27  2:58  Refinery  
  27  3:00  Engineering Bay  
  28  3:10  SCV  
  28  3:13  Starport  
  28  3:17  Barracks Tech Lab  
  28  3:18  Orbital Command  
  28  3:25  SCV  
  28  3:30  Hellion x2  
  32  3:37  SCV  
  32  3:40  Missile Turret  
  33  3:44  Missile Turret  
  33  3:47  Stimpack  
  33  3:49  Marine  
  33  3:52  Hellion x2  
  38  3:57  Medivac  
  40  4:04  Supply Depot  
  40  4:05  SCV x2  
  42  4:14  Marine  
  43  4:24  SCV x2, Barracks  
  43  4:27  Factory Tech Lab  
  43  4:28  Viking  
  47  4:36  SCV x2, Refinery  
  49  4:45  Marine  
  49  4:47  Siege Tank  
  49  4:48  SCV  
  54  4:55  Supply Depot x2  
  54  4:59  SCV  
  55  5:00  SCV  
  56  5:13  SCV x2  
  58  5:17  Marine x3  
  58  5:20  Siege Tank  
  60  5:22  Barracks  
  58  5:34  SCV x2  
  60  5:36  Supply Depot  
  60  5:38  Supply Depot  
  60  5:41  Viking  
  60  5:46  SCV, Marine x3  
  60  5:49  Missile Turret  
  64  5:52  Refinery  
  64  5:54  Terran Infantry Weapons Level 1  
  64  6:00  SCV  
  64  6:01  SCV  
  66  6:04  Marine  
  67  6:19  Raven  
  69  6:43  SCV x2  
  69  6:47  Command Center  
  71  6:50  Engineering Bay  
  71  6:53  Barracks, Marine x3  
  74  6:55  Barracks  
  74  7:11  SCV x2, Marine x2  
  74  7:12  Marine  
  74  7:13  Marine  
  74  7:14  Combat Shields  
  80  7:19  Factory Reactor  
  80  7:23  Medivac  
  80  7:29  Marine x2  
  84  7:31  High Capacity Fuel Tanks  
  84  7:34  Marine  
  84  7:35  Marine  
  86  7:39  Terran Infantry Armor Level 1  
  86  7:42  Armory  
  86  7:51  Supply Depot  
  86  7:52  Supply Depot  
  86  7:53  Supply Depot  
  86  7:54  SCV x2, Marine x5  
  86  7:55  Marine  
  94  7:59  Orbital Command  
  94  8:12  Starport  
  94  8:13  Starport  
  91  8:29  Marine x3  
  91  8:31  Orbital Command  
  91  8:33  Barracks Tech Lab, Marauder  
  96  8:34  Barracks Tech Lab  
  96  8:42  Fusion Core  
  96  8:47  Supply Depot  
  96  8:49  Supply Depot  
  96  9:02  Refinery  
  96  9:06  SCV x2  
  96  9:07  Refinery  
  96  9:08  Marauder  
  96  9:09  Marine x3, Marauder x2  
  107  9:14  SCV  
  108  9:18  SCV x2  
  110  9:27  Marine  
  110  9:30  Marauder  
  113  9:35  SCV  
  113  9:36  Supply Depot  
  114  9:45  Command Center  
Tags
 
Add a new tag
Caveats
  • Supply blocks, unpowered buildings, or Contaminate may cause inaccurate times.
  • Supply counts are checked every 10 seconds.